 Dungeon Crawl Stone Soup version 0.29.0-4-gdea44cf6ec (webtiles) character file.

Game seed: 8578201370208039973

19278 qw the Severer (level 10, -4/96 HPs)
             Began as a Minotaur Fighter on Sept 6, 2022.
             Was an Elder of Ru.
             Slain by a death yak (13 damage)
             ... on level 3 of the Lair of Beasts.
             The game lasted 00:08:31 (14196 turns).

qw the Severer (Minotaur Fighter)                  Turns: 14196, Time: 00:08:32

Health: -4/96      AC: 28    Str: 25    XL:     10   Next: 35%
Magic:  18/18      EV:  7    Int:  5    God:    Ru [****..]
Gold:   411        SH:  5    Dex: 10    Spells: 9/9 levels left

rFire   . . .      SeeInvis .   q - +6 war axe
rCold   + . .      Faith    .   c - +0 buckler
rNeg    + . .      Spirit   .   w - +0 plate armour
rPois   +          Reflect  .   x - +1 hat
rElec   .          Harm     .   i - +0 cloak
rCorr   .          Rampage  .   e - +2 pair of gloves of Zin's Respect {rPois rC+ MP+9}
Will    +....                   n - +2 pair of boots
Stlth   ..........              (no amulet)
HPRegen 0.26/turn               o - +4 ring of protection
MPRegen 0.16/turn               h - ring of Jumeytic {rPois rN+ Will+ Slay+4}

@: about to teleport
A: horns 2, inability to train dodging, inexperienced 2, retaliatory headbutt
a: Renounce Religion, Draw Out Power, Power Leap


You were on level 3 of the Lair of Beasts.
You worshipped Ru.
Ru was greatly pleased with you.
You visited 3 branches of the dungeon, and saw 13 of its levels.
You also visited: Gauntlet.

You collected 825 gold pieces.
You spent 414 gold pieces at shops.


Innate Abilities, Weirdness & Mutations

You have a pair of horns on your head.
You cannot train Dodging skill.
You are inexperienced. (-2 XL)
You reflexively headbutt those who attack you in melee.


   Skills:
 - Level 11.2 Fighting
 - Level 17.0 Axes
 - Level 6.1 Throwing
 + Level 10.6 Armour
 - Level 7.1 Shields


You had 9 spell levels left.
You didn't know any spells.
Your spell library was empty.

Inventory:

Hand Weapons
 g - a +1 morningstar of draining
 q - a +6 war axe (weapon)
Missiles
 b - a boomerang
 k - 8 javelins
 p - 6 silver boomerangs
 t - a silver javelin (quivered)
Armour
 c - a +0 buckler (worn)
 e - the +2 pair of gloves of Zin's Respect (worn) {rPois rC+ MP+9}
   (You found it in a Gauntlet)

   rC:        It protects you from cold.
   rPois:     It protects you from poison.
   MP:        It affects your magic capacity (+9).
 i - a +0 cloak (worn)
 n - a +2 pair of boots (worn)
 w - a +0 plate armour (worn)
 x - a +1 hat (worn)
Jewellery
 h - the ring of Jumeytic (right hand) {rPois rN+ Will+ Slay+4}
   (You acquired it on level 8 of the Dungeon)

   [ring of slaying]

   Slay:      It affects your accuracy & damage with ranged weapons and melee
   (+4).
   rPois:     It protects you from poison.
   rN:        It protects you from negative energy.
   Will:      It increases your willpower.
 o - a +4 ring of protection (left hand)
 Y - a ring of protection from fire
Scrolls
 a - 7 scrolls of identify
 v - a scroll of teleportation
Potions
 d - 6 potions of might
 f - a potion of resistance
 j - a potion of curing
 m - a potion of haste
 r - a potion of heal wounds
 u - a potion of mutation

Dungeon Overview and Level Annotations

Branches:
Dungeon (9/15)             Temple (1/1) D:4            Lair (3/5) D:9
  Snake (0/4) Lair:2          Orc (0/2) D:9         Gauntlet (visited)
  Swamp: Lair:2-3    Shoals: Lair:2-3

Altars:
Ashenzari
Cheibriados
Dithmenos
Elyvilon
Fedhas
Gozag
Hepliaklqana
Kikubaaqudgha
Makhleb
Nemelex Xobeh
Okawaru
Qazlal
Ru
Sif Muna
Trog
Uskayaw
Vehumet
Wu Jian
Xom
Zin
The Shining One

Shops:
D:2 ?   D:3 *!?   D:6 *??(

Annotations:
D:5 2 transporters
D:9 1 runed translucent door, qw's ghost, novice MiBe


Message History

You barely miss the death yak.
The death yak is stunned by your conviction and fails to attack.
You redirect the death yak's attack!
The death yak gores the death yak!!
You hit the death yak but do no damage.
You headbutt the death yak, but do no damage.
The death yak is severely wounded.
You slash the death yak! x2
You slash the death yak! You headbutt the death yak!
The death yak is almost dead.
You slash the death yak! You hit the death yak but do no damage.
The death yak gores you but does no damage.
The death yak gores you!
You hit the death yak.
You kill the death yak!
You slash the death yak! You hit the death yak. The death yak gores you!
The death yak barely misses you.
You barely miss the death yak.
The death yak is heavily wounded.
You slice the death yak!! You hit the death yak. You hit the death yak.
The death yak is heavily wounded.
You slash the death yak! You barely miss the death yak.
The death yak gores you. The death yak gores you!
You completely miss the death yak.
The death yak is heavily wounded.
You hit the death yak but do no damage. You slice the death yak!!
The death yak gores you but does no damage.
The death yak gores you!
You slash the death yak!
The death yak is almost dead.
You slash the death yak! You hit the death yak. x2
The death yak gores you but does no damage.
The death yak barely misses you. The death yak gores you!!
The death yak gores you but does no damage.
14196 ||| READING 2 scrolls of teleportation.
As you read the scroll of teleportation, it crumbles to dust.
You feel strangely unstable. The death yak gores you. The death yak gores you!
You die...

.((.......... .Y
............ ...
...........
##.###.........P
................
...............
......YYY......
#.Y@.......
##..##..... #..#......
####..#......
#.##..#P....
##................P..#
#.#..P...............
##....P#..............
#......#.............#


You could see 4 death yaks.

Vanquished Creatures
  A minotaur (Gauntlet)
  2 hydras
  A boulder beetle (D:9)
  A catoblepas (Gauntlet)
  A ghost crab (Gauntlet)
  A two-headed ogre (D:9)
  Erica (Lair:2)
  2 death yaks (Lair:3)
  4 elephants (Gauntlet)
  2 black mambas (Lair:2)
  Maggie (Lair:1)
  4 cane toads
  A molten gargoyle (Gauntlet)
  A torpor snail (Gauntlet)
  A gargoyle (Gauntlet)
  A komodo dragon (Lair:3)
  A troll (D:8)
  5 blink frogs (Lair:2)
  Sigmund (D:4)
  A shadow (D:9)
  A wraith (D:9)
  11 yaks
  3 wyverns
  2 steam dragons (D:8)
  2 basilisks (Lair:3)
  2 nagas (Lair:2)
  Edmund (D:4)
  3 water moccasins
  2 sky beasts (D:8)
  An ice beast (D:6)
  2 black bears
  An ogre (D:4)
  4 centaurs (D:8)
  A phantom (D:5)
  3 kobold brigands
  10 bullfrogs
  A necrophage (D:7)
  A scorpion (D:3)
  9 wights
  12 killer bees
  3 howler monkeys (D:8)
  4 hounds
  2 jellies
  3 orc priests
  5 orc wizards
  4 iguanas
  A mummy (D:8)
  4 gnolls (D:8)
  12 adders
  2 shadow imps
  2 white imps
  3 ufetubi
  5 dart slugs
  5 worms
  30 orcs
  12 endoplasms
  4 giant cockroaches
  5 goblins
  8 hobgoblins
  7 jackals (D:2)
  2 quokkas
  6 ball pythons
  8 bats
  2 frilled lizards (D:3)
  16 kobolds
  8 rats
  A butterfly (Lair:3)
269 creatures vanquished.

Vanquished Creatures (others)
  A naga (Lair:2)
  5 fungi
  4 plants
10 creatures vanquished.

Grand Total: 279 creatures vanquished

Notes
Turn   | Place    | Note
-------+----------+-------------------------------------------
     0 | D:1      | qw the Minotaur Fighter began the quest for the Orb.
     0 | D:1      | Reached XP level 1. HP: 19/19 MP: 0/0
     0 | D:1      | 0 ||| qw: Version: 0.1-a-108-g9e35731
     0 | D:1      | 0 ||| qw: Game counter: 6239
     0 | D:1      | 0 ||| qw: Always use a shield: true
     0 | D:1      | 0 ||| qw: God list: Ru
     0 | D:1      | 0 ||| qw: Allow faded altars: false
     0 | D:1      | 0 ||| qw: Do Orc after D:15 true
     0 | D:1      | 0 ||| qw: Do second Lair branch before Depths: true
     0 | D:1      | 0 ||| qw: Lair rune preference: random
     0 | D:1      | 0 ||| qw: Plans: Normal
     0 | D:1      | 0 ||| PLANNING D:1-11
    69 | D:1      | Reached skill level 3 in Axes
   257 | D:1      | Reached XP level 2. HP: 21/26 MP: 1/1
   848 | D:1      | Reached skill level 4 in Axes
   977 | D:1      | Reached XP level 3. HP: 30/31 MP: 2/2
  1284 | D:1      | 1284 ||| READING scroll labelled YZAEZ ENATIRE.
  1285 | D:1      | 1285 ||| READING scroll labelled GOSMUASAID.
  1286 | D:1      | 1286 ||| READING 2 scrolls labelled VYHIPTIWKU.
  1290 | D:1      | 1290 ||| READING scroll labelled KORUSI PUOVIGH.
  1291 | D:1      | 1291 ||| READING scroll labelled WONTAU JEJUAHAT.
  1333 | D:2      | Found Loilu's Magic Scroll Shop.
  1341 | D:2      | 1341 ||| SHOPLISTING scroll of enchant armour (97 gold,
                  | have 58).
  1341 | D:2      | 1341 ||| BUYING scroll of identify (26 gold).
  1341 | D:2      | Bought a scroll of identify for 26 gold pieces
  1341 | D:2      | 1341 ||| SHOPLISTING scroll of teleportation (39 gold, have
                  | 32).
  1445 | D:2      | 1445 ||| Stepping ~*~*~tactically~*~*~ (stealth).
  1638 | D:2      | 1638 ||| Stepping ~*~*~tactically~*~*~ (stealth).
  1657 | D:2      | 1657 ||| Stepping ~*~*~tactically~*~*~ (stealth).
  1658 | D:2      | 1658 ||| Stepping ~*~*~tactically~*~*~ (stealth).
  1721 | D:2      | 1721 ||| Stepping ~*~*~tactically~*~*~ (stealth).
  1960 | D:2      | Reached skill level 5 in Axes
  2201 | D:2      | 2201 ||| UPGRADING to ring of protection from cold.
  2202 | D:2      | 2202 ||| READING scroll labelled SUAGI LIPT.
  2203 | D:2      | 2203 ||| READING 3 scrolls of identify.
  2203 | D:2      | 2203 ||| IDENTIFYING sedimented white potion
  2204 | D:2      | 2204 ||| READING 2 scrolls of identify.
  2204 | D:2      | 2204 ||| IDENTIFYING sapphire potion
  2205 | D:2      | 2205 ||| DROPPING potion of brilliance.
  2206 | D:2      | 2206 ||| DROPPING potion of flight.
  2212 | D:3      | Found Jabom's Magic Scroll Boutique.
  2216 | D:3      | 2216 ||| BUYING scroll of identify (20 gold).
  2216 | D:3      | Bought a scroll of identify for 20 gold pieces
  2216 | D:3      | 2216 ||| BUYING scroll of identify (20 gold).
  2216 | D:3      | Bought a scroll of identify for 20 gold pieces
  2216 | D:3      | 2216 ||| BUYING scroll of teleportation (30 gold).
  2216 | D:3      | Bought a scroll of teleportation for 30 gold pieces
  2222 | D:3      | Reached XP level 4. HP: 39/39 MP: 3/3
  2223 | D:3      | Found Buinniyb's Distillery.
  2228 | D:3      | Noticed a scorpion
  2233 | D:3      | Killed a scorpion
  2237 | D:3      | 2237 ||| FLEEEEING.
  2246 | D:3      | 2246 ||| STAIRDANCE
  2351 | D:2      | 2351 ||| READING 3 scrolls of identify.
  2351 | D:2      | 2351 ||| IDENTIFYING bubbling pink potion
  2352 | D:2      | 2352 ||| READING 2 scrolls of identify.
  2352 | D:2      | 2352 ||| IDENTIFYING fuming blue potion
  2353 | D:2      | 2353 ||| DROPPING potion of attraction.
  2354 | D:2      | 2354 ||| DROPPING potion of invisibility.
  2369 | D:3      | 2369 ||| SHOPLISTING potion of curing (33 gold, have 9).
  2390 | D:3      | 2390 ||| Stepping ~*~*~tactically~*~*~ (stealth).
  2412 | D:3      | Reached XP level 5. HP: 12/40 MP: 4/4
  2427 | D:3      | 2427 ||| FLEEEEING.
  2428 | D:3      | 2428 ||| FLEEEEING.
  2429 | D:3      | 2429 ||| FLEEEEING.
  2430 | D:3      | 2430 ||| FLEEEEING.
  2431 | D:3      | 2431 ||| FLEEEEING.
  2652 | D:3      | 2652 ||| READING scroll of enchant weapon.
  2652 | D:3      | 2652 ||| ENCHANTING +1 war axe.
  2656 | D:3      | 2656 ||| DROPPING +1 whip of venom.
  2777 | D:3      | Found a faded altar of an unknown god.
  2811 | D:3      | Found Pippat's General Store.
  2817 | D:3      | 2817 ||| SHOPLISTING +0 pair of boots (58 gold, have 16).
  2817 | D:3      | 2817 ||| SHOPLISTING scroll of identify (26 gold, have 16).
  2909 | D:3      | Found an iron altar of Okawaru.
  2971 | D:3      | Reached skill level 6 in Axes
  3149 | D:3      | Found a blossoming altar of Fedhas.
  3291 | D:3      | 3291 ||| UPGRADING to +0 chain mail.
  3301 | D:3      | 3301 ||| DROPPING +0 scale mail.
  3302 | D:3      | 3302 ||| READING scroll labelled FIPE PUANACZI.
  3303 | D:3      | 3303 ||| DRINKING 2 grey potions.
  3304 | D:3      | 3304 ||| DRINKING 2 amethyst potions.
  3305 | D:3      | 3305 ||| DRINKING 2 ruby potions.
  3306 | D:3      | 3306 ||| DROPPING potion of degeneration.
  3485 | D:4      | Noticed an ogre
  3497 | D:4      | Killed an ogre
  3498 | D:4      | Reached skill level 7 in Axes
  3498 | D:4      | Reached XP level 6. HP: 35/51 MP: 5/5
  3785 | D:4      | 3785 ||| Stepping ~*~*~tactically~*~*~ (stealth).
  3794 | D:4      | Noticed Sigmund
  3795 | D:4      | 3795 ||| Stepping ~*~*~tactically~*~*~ (stealth).
  3796 | D:4      | 3796 ||| Stepping ~*~*~tactically~*~*~ (stealth).
  3799 | D:4      | 3799 ||| Stepping ~*~*~tactically~*~*~ (hiding).
  3810 | D:4      | Killed Sigmund
  3811 | D:4      | Reached skill level 8 in Axes
  3831 | D:4      | 3831 ||| Stepping ~*~*~tactically~*~*~ (stealth).
  3861 | D:4      | 3861 ||| Stepping ~*~*~tactically~*~*~ (stealth).
  3862 | D:4      | 3862 ||| Stepping ~*~*~tactically~*~*~ (stealth).
  4051 | D:4      | Reached XP level 7. HP: 59/59 MP: 6/6
  4191 | D:4      | Found a staircase to the Ecumenical Temple.
  4192 | D:4      | 4192 ||| PLANNING TEMPLE
  4192 | D:4      | 4192 ||| READING scroll labelled QEFREHIOGG.
  4193 | D:4      | 4193 ||| READING 2 scrolls of identify.
  4193 | D:4      | 4193 ||| IDENTIFYING red potion
  4200 | Temple   | Entered the Ecumenical Temple
  4200 | Temple   | Found a transporter.
  4200 | Temple   | Found a transporter.
  4202 | Temple   | Found a transporter.
  4202 | Temple   | Found a transporter.
  4212 | Temple   | 4212 ||| PLANNING D:1-11
  4276 | Temple   | Became a worshipper of Ru the Awakened
  4399 | D:4      | Noticed Edmund
  4409 | D:4      | Killed Edmund
  4410 | D:4      | Reached skill level 9 in Axes
  4610 | D:5      | Entered Level 5 of the Dungeon
  4611 | D:5      | 4611 ||| PLANNING SEWER
  4613 | D:5      | Found an ancient bone altar of Kikubaaqudgha.
  4613 | D:5      | Found a burning altar of Makhleb.
  4613 | D:5      | Found a shimmering altar of Xom.
  4617 | D:5      | Found a white marble altar of Elyvilon.
  4617 | D:5      | Found a shadowy altar of Dithmenos.
  4617 | D:5      | Found a shimmering blue altar of Sif Muna.
  4625 | D:5      | HP: 15/61 [something (2)]
  4626 | D:5      | 4626 ||| READING 4 scrolls of teleportation.
  4626 | D:5      | HP: 7/61 [iguana (5)]
  4627 | D:5      | 4627 ||| DRINKING potion of heal wounds.
  4869 | D:5      | 4869 ||| Stepping ~*~*~tactically~*~*~ (hiding).
  5072 | D:5      | Found a transporter.
  5144 | D:5      | Reached skill level 10 in Axes
  5144 | D:5      | Reached XP level 8. HP: 69/69 MP: 7/7
  5266 | D:5      | 5266 ||| Stepping ~*~*~tactically~*~*~ (stealth).
  5268 | D:5      | 5268 ||| Stepping ~*~*~tactically~*~*~ (hiding).
  5316 | D:5      | 5316 ||| RIP SEWER
  5337 | D:5      | 5337 ||| PLANNING D:1-11
  5337 | D:5      | 5337 ||| Stepping ~*~*~tactically~*~*~ (stealth).
  5341 | D:5      | Reached skill level 1 in Throwing
  5351 | D:5      | Found a transporter.
  5363 | D:5      | 5363 ||| Stepping ~*~*~tactically~*~*~ (hiding).
  5470 | D:5      | 5470 ||| READING scroll labelled HAUSYRUFAG.
  5471 | D:5      | 5471 ||| READING 4 scrolls of teleportation.
  5500 | D:5      | 5500 ||| READING 3 scrolls of teleportation.
  5617 | D:6      | 5617 ||| Stepping ~*~*~tactically~*~*~ (stealth).
  5618 | D:6      | 5618 ||| Stepping ~*~*~tactically~*~*~ (stealth).
  5624 | D:6      | 5624 ||| Stepping ~*~*~tactically~*~*~ (stealth).
  5625 | D:6      | 5625 ||| Stepping ~*~*~tactically~*~*~ (stealth).
  5678 | D:6      | Found Kaebok's Antique Weapon Emporium.
  5686 | D:6      | 5686 ||| BUYING glowing morningstar (217 gold).
  5686 | D:6      | Bought a glowing morningstar for 217 gold pieces
  5690 | D:6      | Reached skill level 6 in Fighting
  5737 | D:6      | 5737 ||| DROPPING +0 flail.
  5741 | D:6      | 5741 ||| READING 2 scrolls of enchant weapon.
  5741 | D:6      | 5741 ||| ENCHANTING +2 war axe.
  5742 | D:6      | 5742 ||| READING scroll of enchant weapon.
  5742 | D:6      | 5742 ||| ENCHANTING +3 war axe.
  5756 | D:6      | 5756 ||| Stepping ~*~*~tactically~*~*~ (hiding).
  5849 | D:6      | 5849 ||| FLEEEEING.
  5850 | D:6      | 5850 ||| FLEEEEING.
  5851 | D:6      | 5851 ||| FLEEEEING.
  5852 | D:6      | 5852 ||| FLEEEEING.
  5854 | D:6      | 5854 ||| FLEEEEING.
  5855 | D:6      | 5855 ||| FLEEEEING.
  5856 | D:6      | 5856 ||| FLEEEEING.
  5858 | D:6      | 5858 ||| FLEEEEING.
  5859 | D:6      | 5859 ||| FLEEEEING.
  5861 | D:6      | 5861 ||| FLEEEEING.
  5862 | D:6      | 5862 ||| FLEEEEING.
  5863 | D:6      | 5863 ||| FLEEEEING.
  5864 | D:6      | 5864 ||| FLEEEEING.
  5865 | D:6      | 5865 ||| FLEEEEING.
  5866 | D:6      | 5866 ||| FLEEEEING.
  5867 | D:6      | 5867 ||| FLEEEEING.
  5876 | D:6      | 5876 ||| DRINKING potion of curing.
  5876 | D:6      | 5876 ||| (to cure confusion)
  5901 | D:6      | 5901 ||| Stepping ~*~*~tactically~*~*~ (stealth).
  6049 | D:6      | Found Ebupt's Assorted Antiques.
  6053 | D:6      | 6053 ||| BUYING bubbling black potion (21 gold).
  6053 | D:6      | Bought a bubbling black potion for 21 gold pieces
  6053 | D:6      | 6053 ||| SHOPLISTING large amethyst amulet (120 gold, have
                  | 53).
  6053 | D:6      | 6053 ||| BUYING scroll labelled MINYTY CAEFRU (24 gold).
  6053 | D:6      | Bought a scroll labelled MINYTY CAEFRU for 24 gold pieces
  6053 | D:6      | 6053 ||| SHOPLISTING scroll of teleportation (72 gold, have
                  | 29).
  6054 | D:6      | 6054 ||| Stepping ~*~*~tactically~*~*~ (hiding).
  6055 | D:6      | 6055 ||| Stepping ~*~*~tactically~*~*~ (hiding).
  6056 | D:6      | 6056 ||| Stepping ~*~*~tactically~*~*~ (hiding).
  6065 | D:6      | 6065 ||| FLEEEEING.
  6070 | D:6      | 6070 ||| FLEEEEING.
  6071 | D:6      | 6071 ||| FLEEEEING.
  6072 | D:6      | 6072 ||| FLEEEEING.
  6073 | D:6      | 6073 ||| FLEEEEING.
  6075 | D:6      | 6075 ||| FLEEEEING.
  6076 | D:6      | 6076 ||| FLEEEEING.
  6077 | D:6      | 6077 ||| FLEEEEING.
  6080 | D:6      | 6080 ||| FLEEEEING.
  6081 | D:6      | 6081 ||| FLEEEEING.
  6082 | D:6      | 6082 ||| FLEEEEING.
  6083 | D:6      | 6083 ||| FLEEEEING.
  6084 | D:6      | 6084 ||| FLEEEEING.
  6085 | D:6      | 6085 ||| FLEEEEING.
  6086 | D:6      | 6086 ||| FLEEEEING.
  6087 | D:6      | 6087 ||| FLEEEEING.
  6088 | D:6      | 6088 ||| FLEEEEING.
  6097 | D:6      | 6097 ||| FLEEEEING.
  6098 | D:6      | 6098 ||| FLEEEEING.
  6099 | D:6      | 6099 ||| FLEEEEING.
  6108 | D:6      | 6108 ||| FLEEEEING.
  6109 | D:6      | 6109 ||| FLEEEEING.
  6123 | D:6      | 6123 ||| FLEEEEING.
  6124 | D:6      | 6124 ||| FLEEEEING.
  6125 | D:6      | 6125 ||| FLEEEEING.
  6126 | D:6      | 6126 ||| FLEEEEING.
  6127 | D:6      | 6127 ||| FLEEEEING.
  6128 | D:6      | 6128 ||| FLEEEEING.
  6136 | D:6      | 6136 ||| FLEEEEING.
  6137 | D:6      | 6137 ||| FLEEEEING.
  6143 | D:6      | 6143 ||| FLEEEEING.
  6144 | D:6      | 6144 ||| FLEEEEING.
  6145 | D:6      | 6145 ||| FLEEEEING.
  6146 | D:6      | 6146 ||| FLEEEEING.
  6147 | D:6      | 6147 ||| FLEEEEING.
  6148 | D:6      | 6148 ||| FLEEEEING.
  6149 | D:6      | 6149 ||| FLEEEEING.
  6150 | D:6      | 6150 ||| FLEEEEING.
  6151 | D:6      | 6151 ||| FLEEEEING.
  6152 | D:6      | 6152 ||| FLEEEEING.
  6163 | D:6      | 6163 ||| FLEEEEING.
  6164 | D:6      | 6164 ||| FLEEEEING.
  6165 | D:6      | 6165 ||| FLEEEEING.
  6166 | D:6      | 6166 ||| STAIRDANCE
  6412 | D:5      | 6412 ||| INVOKING Sacrifice Experience.
  6412 | D:5      | Gained mutation: You are somewhat inexperienced. (-1 XL)
                  | [Ru sacrifice]
  6412 | D:5      | Reached XP level 7. HP: 63/63 MP: 6/6
  6412 | D:5      | Reached * piety under Ru
  6413 | D:5      | 6413 ||| UPGRADING to +0 cloak.
  6418 | D:5      | 6418 ||| DROPPING orb of wrath.
  6419 | D:5      | 6419 ||| READING scroll labelled MINYTY CAEFRU.
  6420 | D:5      | 6420 ||| DRINKING 2 bubbling black potions.
  6525 | D:5      | 6525 ||| DROPPING potion of berserk rage.
  6535 | D:6      | Reached skill level 11 in Axes
  6785 | D:6      | 6785 ||| Stepping ~*~*~tactically~*~*~ (stealth).
  6914 | D:6      | Found Comuj's Magic Scroll Shoppe.
  6921 | D:6      | 6921 ||| SHOPLISTING 3 scrolls of identify (84 gold, have
                  | 57).
  6921 | D:6      | 6921 ||| BUYING scroll of identify (28 gold).
  6921 | D:6      | Bought a scroll of identify for 28 gold pieces
  6921 | D:6      | 6921 ||| BUYING scroll of identify (28 gold).
  6921 | D:6      | Bought a scroll of identify for 28 gold pieces
  6921 | D:6      | 6921 ||| SHOPLISTING scroll of identify (28 gold, have 1).
  6955 | D:6      | Found Sulluaqu's Magic Scroll Shoppe.
  6963 | D:6      | 6963 ||| SHOPLISTING scroll of identify (24 gold, have 1).
  6963 | D:6      | 6963 ||| SHOPLISTING scroll of teleportation (36 gold, have
                  | 1).
  7058 | D:6      | 7058 ||| UPGRADING to +0 pair of gloves.
  7063 | D:6      | 7063 ||| READING 3 scrolls of identify.
  7063 | D:6      | 7063 ||| IDENTIFYING metallic yellow potion
  7105 | D:7      | 7105 ||| READING scroll of enchant weapon.
  7105 | D:7      | 7105 ||| ENCHANTING +4 war axe.
  7124 | D:7      | 7124 ||| Stepping ~*~*~tactically~*~*~ (stealth).
  7125 | D:7      | 7125 ||| Stepping ~*~*~tactically~*~*~ (stealth).
  7245 | D:7      | 7245 ||| Stepping ~*~*~tactically~*~*~ (stealth).
  7257 | D:7      | Reached skill level 12 in Axes
  7258 | D:7      | Reached XP level 8. HP: 67/70 MP: 7/7
  7432 | D:7      | 7432 ||| Stepping ~*~*~tactically~*~*~ (stealth).
  7558 | D:7      | Found an ornate altar of the Wu Jian Council.
  7700 | D:7      | 7700 ||| UPGRADING to ring of protection from cold.
  7769 | D:8      | 7769 ||| Stepping ~*~*~tactically~*~*~ (hiding).
  7780 | D:8      | 7780 ||| Stepping ~*~*~tactically~*~*~ (stealth).
  7781 | D:8      | 7781 ||| Stepping ~*~*~tactically~*~*~ (hiding).
  7799 | D:8      | Reached skill level 13 in Axes
  7831 | D:8      | HP: 14/74 [orc priest/divine providence (15)]
  7832 | D:8      | 7832 ||| READING 3 scrolls of teleportation.
  7832 | D:8      | HP: 5/74 [orc priest/divine providence (9)]
  7833 | D:8      | 7833 ||| DRINKING potion of heal wounds.
  8101 | D:8      | 8101 ||| FLEEEEING.
  8121 | D:8      | 8121 ||| FLEEEEING.
  8122 | D:8      | 8122 ||| FLEEEEING.
  8136 | D:8      | 8136 ||| FLEEEEING.
  8138 | D:8      | 8138 ||| FLEEEEING.
  8208 | D:8      | 8208 ||| FLEEEEING.
  8209 | D:8      | 8209 ||| FLEEEEING.
  8367 | D:8      | 8367 ||| INVOKING Sacrifice Experience.
  8367 | D:8      | Gained mutation: You are inexperienced. (-2 XL) [Ru
                  | sacrifice]
  8367 | D:8      | Reached XP level 7. HP: 68/68 MP: 6/6
  8367 | D:8      | Reached ** piety under Ru
  8367 | D:8      | Reached *** piety under Ru
  8383 | D:8      | Found a snail-covered altar of Cheibriados.
  8410 | D:8      | Identified the +11 spear "Dequm" {elec, rN++ rCorr MP+9
                  | Str-4 Stlth+}
  8655 | D:8      | 8655 ||| DROPPING ring of magical power.
  8656 | D:8      | 8656 ||| READING scroll labelled LACVOL JEGYM.
  8656 | D:8      | Identified a scroll of acquirement
  8656 | D:8      | 8656 ||| ACQUIRING ring of Jumeytic {rPois rN+ Will+
                  | Slay+4}
  8656 | D:8      | Acquired the ring of Jumeytic {rPois rN+ Will+ Slay+4}
  8658 | D:8      | 8658 ||| UPGRADING to ring of Jumeytic {rPois rN+ Will+
                  | Slay+4}.
  8660 | D:8      | 8660 ||| DROPPING ring of protection from cold.
  8697 | D:9      | Reached skill level 3 in Throwing
  8700 | D:9      | Found a hide-covered altar of Uskayaw.
  8702 | D:9      | Noticed a +0 dagger
  8702 | D:9      | Noticed a +0 hand axe
  8758 | D:9      | Found a runed translucent door.
  8762 | D:9      | Noticed qw's ghost (novice MiBe)
  8767 | D:9      | Found a broken altar of Ashenzari.
  8814 | D:9      | Noticed a troll
  8815 | D:9      | 8815 ||| Stepping ~*~*~tactically~*~*~ (stealth).
  8817 | D:9      | 8817 ||| Stepping ~*~*~tactically~*~*~ (stealth).
  8819 | D:9      | 8819 ||| Stepping ~*~*~tactically~*~*~ (stealth).
  8820 | D:9      | 8820 ||| STAIRDANCE
  8824 | D:8      | Killed a troll
  8825 | D:8      | Reached XP level 8. HP: 41/74 MP: 7/7
  8828 | D:8      | Reached skill level 14 in Axes
  8976 | D:8      | 8976 ||| READING scroll labelled BIBEJEBB LUDD.
  8977 | D:8      | 8977 ||| READING scroll labelled OFAUF LITUI.
  9059 | D:9      | Reached skill level 6 in Armour
  9065 | D:9      | 9065 ||| Stepping ~*~*~tactically~*~*~ (stealth).
  9066 | D:9      | 9066 ||| Stepping ~*~*~tactically~*~*~ (stealth).
  9088 | D:9      | 9088 ||| Stepping ~*~*~tactically~*~*~ (stealth).
  9090 | D:9      | 9090 ||| Stepping ~*~*~tactically~*~*~ (stealth).
  9135 | D:9      | 9135 ||| Stepping ~*~*~tactically~*~*~ (stealth).
  9277 | D:9      | Noticed a two-headed ogre
  9278 | D:9      | 9278 ||| Stepping ~*~*~tactically~*~*~ (stealth).
  9281 | D:9      | 9281 ||| Stepping ~*~*~tactically~*~*~ (stealth).
  9288 | D:9      | Killed a two-headed ogre
  9289 | D:9      | Reached skill level 15 in Axes
  9304 | D:9      | Found a staircase to the Lair.
  9313 | D:9      | 9313 ||| READING scroll of enchant weapon.
  9313 | D:9      | 9313 ||| ENCHANTING +5 war axe.
  9325 | D:9      | Found a staircase to the Orcish Mines.
  9406 | D:9      | 9406 ||| READING scroll labelled METZEI SYHOSYMM.
  9410 | D:9      | Noticed a five-headed hydra
  9416 | D:9      | Noticed a boulder beetle
  9427 | D:9      | 9427 ||| READING 6 scrolls of identify.
  9427 | D:9      | 9427 ||| IDENTIFYING emerald potion
  9428 | D:9      | 9428 ||| DROPPING potion of magic.
  9429 | D:9      | 9429 ||| READING 2 scrolls of teleportation.
  9437 | D:9      | Reached skill level 3 in Dodging
  9610 | D:9      | 9610 ||| READING scroll of teleportation.
  9640 | D:9      | 9640 ||| Stepping ~*~*~tactically~*~*~ (hiding).
  9641 | D:9      | 9641 ||| Stepping ~*~*~tactically~*~*~ (hiding).
  9643 | D:9      | 9643 ||| Stepping ~*~*~tactically~*~*~ (hiding).
  9662 | D:9      | 9662 ||| SWAPPING to +1 morningstar of draining.
  9666 | D:9      | Killed a five-headed hydra
  9667 | D:9      | Reached skill level 9 in Fighting
  9667 | D:9      | 9667 ||| SWAPPING to +6 war axe.
  9743 | D:9      | 9743 ||| Stepping randomly (stuck).
  9754 | D:9      | Killed a boulder beetle
  9761 | D:9      | 9761 ||| Stepping randomly (stuck).
  9762 | D:9      | 9762 ||| Stepping randomly (stuck).
  9763 | D:9      | 9763 ||| Stepping randomly (stuck).
  9764 | D:9      | 9764 ||| Stepping randomly (stuck).
  9765 | D:9      | 9765 ||| Stepping randomly (stuck).
  9766 | D:9      | 9766 ||| Stepping randomly (stuck).
  9767 | D:9      | 9767 ||| Stepping randomly (stuck).
  9768 | D:9      | 9768 ||| Stepping randomly (stuck).
  9770 | D:9      | 9770 ||| Stepping randomly (stuck).
  9772 | D:9      | 9772 ||| Stepping randomly (stuck).
  9773 | D:9      | 9773 ||| Stepping randomly (stuck).
  9774 | D:9      | 9774 ||| Stepping randomly (stuck).
  9776 | D:9      | 9776 ||| Stepping randomly (stuck).
  9777 | D:9      | 9777 ||| Stepping randomly (stuck).
  9778 | D:9      | 9778 ||| Stepping randomly (stuck).
  9779 | D:9      | 9779 ||| Stepping randomly (stuck).
  9781 | D:9      | 9781 ||| Stepping randomly (stuck).
  9782 | D:9      | 9782 ||| Stepping randomly (stuck).
  9783 | D:9      | 9783 ||| Stepping randomly (stuck).
  9784 | D:9      | 9784 ||| Stepping randomly (stuck).
  9785 | D:9      | 9785 ||| Stepping randomly (stuck).
  9786 | D:9      | 9786 ||| Stepping randomly (stuck).
  9787 | D:9      | 9787 ||| Stepping randomly (stuck).
  9788 | D:9      | 9788 ||| Stepping randomly (stuck).
  9789 | D:9      | 9789 ||| Stepping randomly (stuck).
  9790 | D:9      | 9790 ||| Stepping randomly (stuck).
  9791 | D:9      | 9791 ||| Stepping randomly (stuck).
  9792 | D:9      | 9792 ||| Stepping randomly (stuck).
  9793 | D:9      | 9793 ||| Stepping randomly (stuck).
  9795 | D:9      | 9795 ||| Stepping randomly (stuck).
  9796 | D:9      | 9796 ||| Stepping randomly (stuck).
  9797 | D:9      | 9797 ||| Stepping randomly (stuck).
  9799 | D:9      | 9799 ||| Stepping randomly (stuck).
  9800 | D:9      | 9800 ||| Stepping randomly (stuck).
  9801 | D:9      | 9801 ||| Stepping randomly (stuck).
  9803 | D:9      | 9803 ||| Stepping randomly (stuck).
  9805 | D:9      | 9805 ||| Stepping randomly (stuck).
  9813 | D:9      | 9813 ||| Stepping randomly (stuck).
  9814 | D:9      | 9814 ||| Stepping randomly (stuck).
  9815 | D:9      | 9815 ||| Stepping randomly (stuck).
  9816 | D:9      | 9816 ||| Stepping randomly (stuck).
  9818 | D:9      | 9818 ||| Stepping randomly (stuck).
  9820 | D:9      | 9820 ||| Stepping randomly (stuck).
  9821 | D:9      | 9821 ||| Stepping randomly (stuck).
  9822 | D:9      | 9822 ||| Stepping randomly (stuck).
  9823 | D:9      | 9823 ||| Stepping randomly (stuck).
  9824 | D:9      | 9824 ||| Stepping randomly (stuck).
  9825 | D:9      | 9825 ||| Stepping randomly (stuck).
  9826 | D:9      | 9826 ||| Stepping randomly (stuck).
  9828 | D:9      | 9828 ||| Stepping randomly (stuck).
  9829 | D:9      | 9829 ||| Stepping randomly (stuck).
  9830 | D:9      | 9830 ||| Stepping randomly (stuck).
  9831 | D:9      | 9831 ||| Stepping randomly (stuck).
  9832 | D:9      | 9832 ||| Stepping randomly (stuck).
  9833 | D:9      | 9833 ||| Stepping randomly (stuck).
  9834 | D:9      | 9834 ||| Stepping randomly (stuck).
  9835 | D:9      | 9835 ||| Stepping randomly (stuck).
  9836 | D:9      | 9836 ||| Stepping randomly (stuck).
  9837 | D:9      | 9837 ||| Stepping randomly (stuck).
  9838 | D:9      | 9838 ||| Stepping randomly (stuck).
  9839 | D:9      | 9839 ||| Stepping randomly (stuck).
  9840 | D:9      | 9840 ||| Stepping randomly (stuck).
  9841 | D:9      | 9841 ||| Stepping randomly (stuck).
  9842 | D:9      | 9842 ||| Stepping randomly (stuck).
  9843 | D:9      | 9843 ||| Stepping randomly (stuck).
  9844 | D:9      | 9844 ||| Stepping randomly (stuck).
  9846 | D:9      | 9846 ||| Stepping randomly (stuck).
  9847 | D:9      | 9847 ||| Stepping randomly (stuck).
  9849 | D:9      | 9849 ||| Stepping randomly (stuck).
  9851 | D:9      | 9851 ||| Stepping randomly (stuck).
  9853 | D:9      | 9853 ||| Stepping randomly (stuck).
  9854 | D:9      | 9854 ||| Stepping randomly (stuck).
  9855 | D:9      | 9855 ||| Stepping randomly (stuck).
  9856 | D:9      | 9856 ||| Stepping randomly (stuck).
  9857 | D:9      | 9857 ||| Stepping randomly (stuck).
  9858 | D:9      | 9858 ||| Stepping randomly (stuck).
  9859 | D:9      | 9859 ||| Stepping randomly (stuck).
  9860 | D:9      | 9860 ||| Stepping randomly (stuck).
  9861 | D:9      | 9861 ||| Stepping randomly (stuck).
  9862 | D:9      | 9862 ||| Stepping randomly (stuck).
  9863 | D:9      | 9863 ||| Stepping randomly (stuck).
  9864 | D:9      | 9864 ||| Stepping randomly (stuck).
  9865 | D:9      | 9865 ||| Stepping randomly (stuck).
  9866 | D:9      | 9866 ||| Stepping randomly (stuck).
  9867 | D:9      | 9867 ||| Stepping randomly (stuck).
  9868 | D:9      | 9868 ||| Stepping randomly (stuck).
  9869 | D:9      | 9869 ||| Stepping randomly (stuck).
  9870 | D:9      | 9870 ||| Stepping randomly (stuck).
  9872 | D:9      | 9872 ||| Stepping randomly (stuck).
  9873 | D:9      | 9873 ||| Stepping randomly (stuck).
  9874 | D:9      | 9874 ||| Stepping randomly (stuck).
  9875 | D:9      | 9875 ||| Stepping randomly (stuck).
  9876 | D:9      | 9876 ||| Stepping randomly (stuck).
  9878 | D:9      | 9878 ||| Stepping randomly (stuck).
  9879 | D:9      | 9879 ||| Stepping randomly (stuck).
  9880 | D:9      | 9880 ||| Stepping randomly (stuck).
  9882 | D:9      | 9882 ||| Stepping randomly (stuck).
  9883 | D:9      | 9883 ||| Stepping randomly (stuck).
  9884 | D:9      | 9884 ||| Stepping randomly (stuck).
  9885 | D:9      | 9885 ||| Stepping randomly (stuck).
  9887 | D:9      | 9887 ||| Stepping randomly (stuck).
  9890 | D:9      | 9890 ||| Stepping randomly (stuck).
  9892 | D:9      | 9892 ||| Stepping randomly (stuck).
  9894 | D:9      | 9894 ||| Stepping randomly (stuck).
  9896 | D:9      | 9896 ||| Stepping randomly (stuck).
  9898 | D:9      | 9898 ||| Stepping randomly (stuck).
  9899 | D:9      | 9899 ||| Stepping randomly (stuck).
  9901 | D:9      | 9901 ||| Stepping randomly (stuck).
  9903 | D:9      | 9903 ||| Stepping randomly (stuck).
  9904 | D:9      | 9904 ||| Stepping randomly (stuck).
  9905 | D:9      | 9905 ||| Stepping randomly (stuck).
  9906 | D:9      | 9906 ||| Stepping randomly (stuck).
  9907 | D:9      | 9907 ||| Stepping randomly (stuck).
  9908 | D:9      | 9908 ||| Stepping randomly (stuck).
  9909 | D:9      | 9909 ||| Stepping randomly (stuck).
  9910 | D:9      | 9910 ||| Stepping randomly (stuck).
  9911 | D:9      | 9911 ||| Stepping randomly (stuck).
  9912 | D:9      | 9912 ||| Stepping randomly (stuck).
  9914 | D:9      | 9914 ||| Stepping randomly (stuck).
  9915 | D:9      | 9915 ||| Stepping randomly (stuck).
  9917 | D:9      | 9917 ||| Stepping randomly (stuck).
  9918 | D:9      | 9918 ||| Stepping randomly (stuck).
  9919 | D:9      | 9919 ||| Stepping randomly (stuck).
  9920 | D:9      | 9920 ||| Stepping randomly (stuck).
  9921 | D:9      | 9921 ||| Stepping randomly (stuck).
  9922 | D:9      | 9922 ||| Stepping randomly (stuck).
  9923 | D:9      | 9923 ||| Stepping randomly (stuck).
  9934 | D:9      | 9934 ||| Stepping randomly (stuck).
  9935 | D:9      | 9935 ||| Stepping randomly (stuck).
  9936 | D:9      | 9936 ||| Stepping randomly (stuck).
  9939 | D:9      | 9939 ||| Stepping randomly (stuck).
  9940 | D:9      | 9940 ||| Stepping randomly (stuck).
  9941 | D:9      | 9941 ||| Stepping randomly (stuck).
  9942 | D:9      | 9942 ||| Stepping randomly (stuck).
  9943 | D:9      | 9943 ||| Stepping randomly (stuck).
  9944 | D:9      | 9944 ||| Stepping randomly (stuck).
  9945 | D:9      | 9945 ||| Stepping randomly (stuck).
  9946 | D:9      | 9946 ||| Stepping randomly (stuck).
  9947 | D:9      | 9947 ||| Stepping randomly (stuck).
  9948 | D:9      | 9948 ||| Stepping randomly (stuck).
  9949 | D:9      | 9949 ||| Stepping randomly (stuck).
  9950 | D:9      | 9950 ||| Stepping randomly (stuck).
  9951 | D:9      | 9951 ||| Stepping randomly (stuck).
  9952 | D:9      | 9952 ||| Stepping randomly (stuck).
  9960 | D:9      | 9960 ||| Stepping randomly (stuck).
  9961 | D:9      | 9961 ||| Stepping randomly (stuck).
  9962 | D:9      | 9962 ||| Stepping randomly (stuck).
  9964 | D:9      | 9964 ||| Stepping randomly (stuck).
  9966 | D:9      | 9966 ||| Stepping randomly (stuck).
  9967 | D:9      | 9967 ||| Stepping randomly (stuck).
  9968 | D:9      | 9968 ||| Stepping randomly (stuck).
  9969 | D:9      | 9969 ||| Stepping randomly (stuck).
  9970 | D:9      | 9970 ||| Stepping randomly (stuck).
  9971 | D:9      | 9971 ||| Stepping randomly (stuck).
  9972 | D:9      | 9972 ||| Stepping randomly (stuck).
  9973 | D:9      | 9973 ||| Stepping randomly (stuck).
  9974 | D:9      | 9974 ||| Stepping randomly (stuck).
  9975 | D:9      | 9975 ||| Stepping randomly (stuck).
  9976 | D:9      | 9976 ||| Stepping randomly (stuck).
  9977 | D:9      | 9977 ||| Stepping randomly (stuck).
  9978 | D:9      | 9978 ||| Stepping randomly (stuck).
  9979 | D:9      | 9979 ||| Stepping randomly (stuck).
  9980 | D:9      | 9980 ||| Stepping randomly (stuck).
  9981 | D:9      | 9981 ||| Stepping randomly (stuck).
  9985 | D:9      | 9985 ||| Stepping randomly (stuck).
  9987 | D:9      | 9987 ||| Stepping randomly (stuck).
  9988 | D:9      | 9988 ||| Stepping randomly (stuck).
  9989 | D:9      | 9989 ||| Stepping randomly (stuck).
  9990 | D:9      | 9990 ||| Stepping randomly (stuck).
  9991 | D:9      | 9991 ||| Stepping randomly (stuck).
  9992 | D:9      | 9992 ||| Stepping randomly (stuck).
  9993 | D:9      | 9993 ||| Stepping randomly (stuck).
  9994 | D:9      | 9994 ||| Stepping randomly (stuck).
 10407 | D:9      | 10407 ||| PLANNING LAIR
 10407 | D:9      | 10407 ||| UPGRADING to +2 pair of boots.
 10438 | Lair:1   | Entered Level 1 of the Lair of Beasts
 10566 | Lair:1   | You fall into a shaft and drop 1 floor!
 10566 | Lair:2   | Noticed Erica
 10576 | Lair:2   | Killed Erica
 10577 | Lair:2   | Reached XP level 9. HP: 72/83 MP: 8/8
 10653 | Lair:2   | Noticed an eight-headed hydra
 10654 | Lair:2   | 10654 ||| SWAPPING to +1 morningstar of draining.
 10655 | Lair:2   | 10655 ||| SWAPPING to +6 war axe.
 10658 | Lair:2   | 10658 ||| SWAPPING to +1 morningstar of draining.
 10663 | Lair:2   | Killed an eight-headed hydra
 10664 | Lair:2   | Reached skill level 16 in Axes
 10664 | Lair:2   | 10664 ||| SWAPPING to +6 war axe.
 10666 | Lair:2   | HP: 9/83 [cane toad (16)]
 10667 | Lair:2   | 10667 ||| INVOKING Draw Out Power.
 10909 | Lair:2   | 10909 ||| Stepping ~*~*~tactically~*~*~ (stealth).
 10910 | Lair:2   | 10910 ||| Stepping ~*~*~tactically~*~*~ (stealth).
 10919 | Lair:2   | Reached skill level 6 in Shields
 10972 | Lair:2   | Found a staircase to the Snake Pit.
 11049 | Lair:1   | Noticed Maggie
 11058 | Lair:1   | Killed Maggie
 11059 | Lair:1   | Reached skill level 17 in Axes
 11107 | Lair:1   | Found a radiant altar of Vehumet.
 11688 | Lair:1   | 11688 ||| INVOKING Sacrifice Nimbleness.
 11688 | Lair:1   | Gained mutation: You cannot train Dodging skill. [Ru
                  | sacrifice]
 11688 | Lair:1   | Reached **** piety under Ru
 11689 | Lair:1   | 11689 ||| DROPPING +2 ring mail of fire resistance.
 11690 | Lair:1   | 11690 ||| UPGRADING to +0 plate armour.
 11700 | Lair:1   | 11700 ||| DROPPING +0 chain mail.
 11701 | Lair:1   | 11701 ||| READING 9 scrolls of identify.
 11701 | Lair:1   | 11701 ||| IDENTIFYING metallic cyan potion
 11702 | Lair:1   | 11702 ||| DROPPING potion of ambrosia.
 12269 | Lair:2   | Reached skill level 9 in Armour
 12697 | Lair:2   | 12697 ||| UPGRADING to +1 hat.
 12702 | Lair:2   | 12702 ||| READING scroll labelled TYABECUVIRO.
 12703 | Lair:2   | 12703 ||| READING 9 scrolls of identify.
 12703 | Lair:2   | 12703 ||| IDENTIFYING yellow potion
 12717 | Lair:3   | 12717 ||| PLANNING GAUNTLET
 12726 | Lair:3   | 12726 ||| Stepping ~*~*~tactically~*~*~ (hiding).
 12772 | Lair:3   | 12772 ||| Stepping ~*~*~tactically~*~*~ (stealth).
 12775 | Lair:3   | 12775 ||| Stepping ~*~*~tactically~*~*~ (stealth).
 12811 | Lair:3   | Found a gate leading to a gauntlet.
 12820 | Gauntlet | Entered a Gauntlet
 12820 | Gauntlet | Noticed a sixfirhy
 12820 | Gauntlet | Found a transporter.
 12820 | Gauntlet | Found a transporter.
 12826 | Gauntlet | Found a transporter.
 12841 | Gauntlet | Found a transporter.
 12856 | Gauntlet | Found a transporter.
 12858 | Gauntlet | Found a transporter.
 12858 | Gauntlet | Found a transporter.
 12860 | Gauntlet | Noticed a dire elephant
 12870 | Gauntlet | Found a transporter.
 12883 | Gauntlet | Noticed a ghost crab
 12886 | Gauntlet | Found a transporter.
 12896 | Gauntlet | Found a transporter.
 12914 | Gauntlet | Found a transporter.
 12922 | Gauntlet | Noticed a catoblepas
 12923 | Gauntlet | Found a transporter.
 12930 | Gauntlet | Found a transporter.
 12930 | Gauntlet | Found a transporter.
 13000 | Gauntlet | Reached XP level 10. HP: 62/93 MP: 9/9
 13135 | Gauntlet | 13135 ||| DROPPING +2 pair of boots of stealth.
 13158 | Gauntlet | 13158 ||| Stepping randomly (stuck).
 13159 | Gauntlet | 13159 ||| Stepping randomly (stuck).
 13160 | Gauntlet | 13160 ||| Stepping randomly (stuck).
 13161 | Gauntlet | 13161 ||| Stepping randomly (stuck).
 13168 | Gauntlet | 13168 ||| Stepping randomly (stuck).
 13169 | Gauntlet | 13169 ||| Stepping randomly (stuck).
 13177 | Gauntlet | 13177 ||| Stepping randomly (stuck).
 13182 | Gauntlet | 13182 ||| READING 8 scrolls of identify.
 13182 | Gauntlet | 13182 ||| IDENTIFYING fuming emerald potion
 13183 | Gauntlet | 13183 ||| DROPPING potion of lignification.
 13184 | Gauntlet | 13184 ||| Stepping randomly (stuck).
 13185 | Gauntlet | 13185 ||| Stepping randomly (stuck).
 13187 | Gauntlet | 13187 ||| Stepping randomly (stuck).
 13188 | Gauntlet | 13188 ||| Stepping randomly (stuck).
 13190 | Gauntlet | 13190 ||| Stepping randomly (stuck).
 13191 | Gauntlet | 13191 ||| Stepping randomly (stuck).
 13192 | Gauntlet | 13192 ||| Stepping randomly (stuck).
 13194 | Gauntlet | 13194 ||| Stepping randomly (stuck).
 13195 | Gauntlet | 13195 ||| Stepping randomly (stuck).
 13196 | Gauntlet | 13196 ||| Stepping randomly (stuck).
 13198 | Gauntlet | 13198 ||| Stepping randomly (stuck).
 13199 | Gauntlet | 13199 ||| Stepping randomly (stuck).
 13201 | Gauntlet | 13201 ||| Stepping randomly (stuck).
 13203 | Gauntlet | 13203 ||| Stepping randomly (stuck).
 13205 | Gauntlet | 13205 ||| Stepping randomly (stuck).
 13207 | Gauntlet | 13207 ||| Stepping randomly (stuck).
 13208 | Gauntlet | 13208 ||| Stepping randomly (stuck).
 13210 | Gauntlet | 13210 ||| Stepping randomly (stuck).
 13212 | Gauntlet | 13212 ||| Stepping randomly (stuck).
 13213 | Gauntlet | 13213 ||| Stepping randomly (stuck).
 13215 | Gauntlet | 13215 ||| Stepping randomly (stuck).
 13217 | Gauntlet | 13217 ||| Stepping randomly (stuck).
 13219 | Gauntlet | 13219 ||| Stepping randomly (stuck).
 13220 | Gauntlet | 13220 ||| Stepping randomly (stuck).
 13222 | Gauntlet | 13222 ||| Stepping randomly (stuck).
 13223 | Gauntlet | 13223 ||| Stepping randomly (stuck).
 13224 | Gauntlet | 13224 ||| Stepping randomly (stuck).
 13225 | Gauntlet | 13225 ||| Stepping randomly (stuck).
 13227 | Gauntlet | 13227 ||| Stepping randomly (stuck).
 13229 | Gauntlet | 13229 ||| Stepping randomly (stuck).
 13231 | Gauntlet | 13231 ||| Stepping randomly (stuck).
 13232 | Gauntlet | 13232 ||| Stepping randomly (stuck).
 13234 | Gauntlet | 13234 ||| Stepping randomly (stuck).
 13235 | Gauntlet | 13235 ||| Stepping randomly (stuck).
 13237 | Gauntlet | 13237 ||| Stepping randomly (stuck).
 13239 | Gauntlet | 13239 ||| Stepping randomly (stuck).
 13241 | Gauntlet | 13241 ||| Stepping randomly (stuck).
 13242 | Gauntlet | 13242 ||| Stepping randomly (stuck).
 13244 | Gauntlet | 13244 ||| Stepping randomly (stuck).
 13246 | Gauntlet | 13246 ||| Stepping randomly (stuck).
 13248 | Gauntlet | 13248 ||| Stepping randomly (stuck).
 13250 | Gauntlet | 13250 ||| Stepping randomly (stuck).
 13252 | Gauntlet | 13252 ||| Stepping randomly (stuck).
 13253 | Gauntlet | 13253 ||| Stepping randomly (stuck).
 13254 | Gauntlet | 13254 ||| Stepping randomly (stuck).
 13256 | Gauntlet | 13256 ||| Stepping randomly (stuck).
 13258 | Gauntlet | 13258 ||| Stepping randomly (stuck).
 13259 | Gauntlet | 13259 ||| Stepping randomly (stuck).
 13261 | Gauntlet | 13261 ||| Stepping randomly (stuck).
 13263 | Gauntlet | 13263 ||| Stepping randomly (stuck).
 13265 | Gauntlet | 13265 ||| Stepping randomly (stuck).
 13266 | Gauntlet | 13266 ||| Stepping randomly (stuck).
 13267 | Gauntlet | 13267 ||| Stepping randomly (stuck).
 13268 | Gauntlet | 13268 ||| Stepping randomly (stuck).
 13269 | Gauntlet | 13269 ||| Stepping randomly (stuck).
 13271 | Gauntlet | 13271 ||| Stepping randomly (stuck).
 13273 | Gauntlet | 13273 ||| Stepping randomly (stuck).
 13274 | Gauntlet | 13274 ||| Stepping randomly (stuck).
 13276 | Gauntlet | 13276 ||| Stepping randomly (stuck).
 13277 | Gauntlet | 13277 ||| Stepping randomly (stuck).
 13278 | Gauntlet | 13278 ||| Stepping randomly (stuck).
 13280 | Gauntlet | 13280 ||| Stepping randomly (stuck).
 13282 | Gauntlet | 13282 ||| Stepping randomly (stuck).
 13284 | Gauntlet | 13284 ||| Stepping randomly (stuck).
 13286 | Gauntlet | 13286 ||| Stepping randomly (stuck).
 13287 | Gauntlet | 13287 ||| Stepping randomly (stuck).
 13289 | Gauntlet | 13289 ||| Stepping randomly (stuck).
 13291 | Gauntlet | 13291 ||| Stepping randomly (stuck).
 13293 | Gauntlet | 13293 ||| Stepping randomly (stuck).
 13295 | Gauntlet | 13295 ||| Stepping randomly (stuck).
 13296 | Gauntlet | 13296 ||| Stepping randomly (stuck).
 13297 | Gauntlet | 13297 ||| Stepping randomly (stuck).
 13298 | Gauntlet | 13298 ||| Stepping randomly (stuck).
 13300 | Gauntlet | 13300 ||| Stepping randomly (stuck).
 13301 | Gauntlet | 13301 ||| Stepping randomly (stuck).
 13302 | Gauntlet | 13302 ||| Stepping randomly (stuck).
 13304 | Gauntlet | 13304 ||| Stepping randomly (stuck).
 13305 | Gauntlet | 13305 ||| Stepping randomly (stuck).
 13307 | Gauntlet | 13307 ||| Stepping randomly (stuck).
 13309 | Gauntlet | 13309 ||| Stepping randomly (stuck).
 13310 | Gauntlet | 13310 ||| Stepping randomly (stuck).
 13312 | Gauntlet | 13312 ||| Stepping randomly (stuck).
 13313 | Gauntlet | 13313 ||| Stepping randomly (stuck).
 13315 | Gauntlet | 13315 ||| Stepping randomly (stuck).
 13317 | Gauntlet | 13317 ||| Stepping randomly (stuck).
 13318 | Gauntlet | 13318 ||| Stepping randomly (stuck).
 13319 | Gauntlet | 13319 ||| Stepping randomly (stuck).
 13320 | Gauntlet | 13320 ||| Stepping randomly (stuck).
 13321 | Gauntlet | 13321 ||| Stepping randomly (stuck).
 13322 | Gauntlet | 13322 ||| Stepping randomly (stuck).
 13323 | Gauntlet | 13323 ||| Stepping randomly (stuck).
 13324 | Gauntlet | 13324 ||| Stepping randomly (stuck).
 13325 | Gauntlet | 13325 ||| Stepping randomly (stuck).
 13326 | Gauntlet | 13326 ||| Stepping randomly (stuck).
 13327 | Gauntlet | 13327 ||| Stepping randomly (stuck).
 13328 | Gauntlet | 13328 ||| Stepping randomly (stuck).
 13329 | Gauntlet | 13329 ||| Stepping randomly (stuck).
 13330 | Gauntlet | 13330 ||| Stepping randomly (stuck).
 13331 | Gauntlet | 13331 ||| Stepping randomly (stuck).
 13332 | Gauntlet | 13332 ||| Stepping randomly (stuck).
 13333 | Gauntlet | 13333 ||| Stepping randomly (stuck).
 13334 | Gauntlet | 13334 ||| Stepping randomly (stuck).
 13335 | Gauntlet | 13335 ||| Stepping randomly (stuck).
 13336 | Gauntlet | 13336 ||| Stepping randomly (stuck).
 13338 | Gauntlet | 13338 ||| Stepping randomly (stuck).
 13339 | Gauntlet | 13339 ||| Stepping randomly (stuck).
 13340 | Gauntlet | 13340 ||| Stepping randomly (stuck).
 13341 | Gauntlet | 13341 ||| Stepping randomly (stuck).
 13343 | Gauntlet | 13343 ||| Stepping randomly (stuck).
 13344 | Gauntlet | 13344 ||| Stepping randomly (stuck).
 13345 | Gauntlet | 13345 ||| Stepping randomly (stuck).
 13347 | Gauntlet | 13347 ||| Stepping randomly (stuck).
 13349 | Gauntlet | 13349 ||| Stepping randomly (stuck).
 13351 | Gauntlet | 13351 ||| Stepping randomly (stuck).
 13352 | Gauntlet | 13352 ||| Stepping randomly (stuck).
 13353 | Gauntlet | 13353 ||| Stepping randomly (stuck).
 13354 | Gauntlet | 13354 ||| Stepping randomly (stuck).
 13355 | Gauntlet | 13355 ||| Stepping randomly (stuck).
 13356 | Gauntlet | 13356 ||| Stepping randomly (stuck).
 13357 | Gauntlet | 13357 ||| Stepping randomly (stuck).
 13358 | Gauntlet | 13358 ||| Stepping randomly (stuck).
 13359 | Gauntlet | 13359 ||| Stepping randomly (stuck).
 13360 | Gauntlet | 13360 ||| Stepping randomly (stuck).
 13361 | Gauntlet | 13361 ||| Stepping randomly (stuck).
 13362 | Gauntlet | 13362 ||| Stepping randomly (stuck).
 13363 | Gauntlet | 13363 ||| Stepping randomly (stuck).
 13364 | Gauntlet | 13364 ||| Stepping randomly (stuck).
 13365 | Gauntlet | 13365 ||| Stepping randomly (stuck).
 13366 | Gauntlet | 13366 ||| Stepping randomly (stuck).
 13367 | Gauntlet | 13367 ||| Stepping randomly (stuck).
 13368 | Gauntlet | 13368 ||| Stepping randomly (stuck).
 13369 | Gauntlet | 13369 ||| Stepping randomly (stuck).
 13370 | Gauntlet | 13370 ||| Stepping randomly (stuck).
 13371 | Gauntlet | 13371 ||| Stepping randomly (stuck).
 13372 | Gauntlet | 13372 ||| Stepping randomly (stuck).
 13373 | Gauntlet | 13373 ||| Stepping randomly (stuck).
 13374 | Gauntlet | 13374 ||| Stepping randomly (stuck).
 13375 | Gauntlet | 13375 ||| Stepping randomly (stuck).
 13376 | Gauntlet | 13376 ||| Stepping randomly (stuck).
 13377 | Gauntlet | 13377 ||| Stepping randomly (stuck).
 13378 | Gauntlet | 13378 ||| Stepping randomly (stuck).
 13379 | Gauntlet | 13379 ||| Stepping randomly (stuck).
 13380 | Gauntlet | 13380 ||| Stepping randomly (stuck).
 13388 | Gauntlet | 13388 ||| Stepping randomly (stuck).
 13390 | Gauntlet | 13390 ||| Stepping randomly (stuck).
 13391 | Gauntlet | 13391 ||| Stepping randomly (stuck).
 13396 | Gauntlet | 13396 ||| Stepping randomly (stuck).
 13397 | Gauntlet | 13397 ||| Stepping randomly (stuck).
 13398 | Gauntlet | 13398 ||| Stepping ~*~*~tactically~*~*~ (hiding).
 13399 | Gauntlet | 13399 ||| Stepping ~*~*~tactically~*~*~ (hiding).
 13400 | Gauntlet | 13400 ||| Stepping ~*~*~tactically~*~*~ (hiding).
 13406 | Gauntlet | 13406 ||| Stepping ~*~*~tactically~*~*~ (cloud).
 13409 | Gauntlet | 13409 ||| Stepping ~*~*~tactically~*~*~ (cloud).
 13410 | Gauntlet | 13410 ||| Stepping randomly (stuck).
 13411 | Gauntlet | 13411 ||| DRINKING 2 potions of cancellation.
 13412 | Gauntlet | 13412 ||| DRINKING potion of cancellation.
 13413 | Gauntlet | 13413 ||| Stepping ~*~*~tactically~*~*~ (cloud).
 13418 | Gauntlet | Killed a catoblepas
 13705 | Gauntlet | Killed a ghost crab
 13706 | Gauntlet | 13706 ||| Stepping randomly (cloudy).
 13707 | Gauntlet | 13707 ||| Stepping ~*~*~tactically~*~*~ (cloud).
 13708 | Gauntlet | 13708 ||| Stepping randomly (stuck).
 13709 | Gauntlet | 13709 ||| Stepping ~*~*~tactically~*~*~ (cloud).
 13714 | Gauntlet | Identified the +2 pair of gloves of Zin's Respect {rPois
                  | rC+ MP+9}
 13716 | Gauntlet | 13716 ||| UPGRADING to +2 pair of gloves of Zin's Respect
                  | {rPois rC+ MP+9}.
 13726 | Gauntlet | 13726 ||| DROPPING +0 pair of gloves.
 13783 | Gauntlet | 13783 ||| UPGRADING to ring of protection from fire.
 13787 | Gauntlet | Noticed a minotaur
 13799 | Gauntlet | Killed a minotaur
 13919 | Gauntlet | Identified the +1 falchion "Yhiwats" {vorpal, rN+ Will+}
 13969 | Gauntlet | 13969 ||| UPGRADING to +4 ring of protection.
 13971 | Gauntlet | 13971 ||| DROPPING ring of protection from cold.
 13985 | Lair:3   | 13985 ||| PLANNING LAIR
 14175 | Lair:3   | Noticed a death yak
 14175 | Lair:3   | Noticed a death yak
 14176 | Lair:3   | 14176 ||| Stepping ~*~*~tactically~*~*~ (stealth).
 14177 | Lair:3   | Noticed a death yak
 14177 | Lair:3   | Noticed a death yak
 14177 | Lair:3   | Noticed a death yak
 14182 | Lair:3   | Noticed a death yak
 14183 | Lair:3   | Killed a death yak
 14184 | Lair:3   | Reached skill level 6 in Throwing
 14191 | Lair:3   | Killed a death yak
 14195 | Lair:3   | HP: 15/96 [death yak (18)]
 14196 | Lair:3   | 14196 ||| READING 2 scrolls of teleportation.
 14196 | Lair:3   | Slain by a death yak

Levels and vault maps discovered:
D:1:      evilmike_arrival_hilbert_curve, layout_basic,
          chequers_serial_rivers_micro_e
D:2:      layout_loops_corners, serial_shops, shop, minmay_misc_feat_x
D:3:      layout_basic, fedhas_altar_fruit_tree, mainiacjoe_overflow_paths,
          serial_shops, nicolae_shop_trees, shop, nicolae_shop_crystal,
          hellmonk_ecumenical_altar_pennies_from_heaven
D:4:      layout_loops_corners, temple_statues, uniq_sigmund, uniq_edmund
D:5:      gammafunk_cloud_chamber, layout_rooms, grunt_temple_overflow_open,
          cheibrodos_sewer_entry_bend
D:6:      layout_loops_ring, serial_shops, shop, shop, nicolae_shop_crystal,
          shop_statue, amethyst_killhole
D:7:      layout_basic, nicolae_wu_jian_wuxing_cycle, serial_curves,
          eino_curves_02, eino_curves_01, serial_park_tiny_2
D:8:      layout_cave_pools, chei_slow_surprise, enter_bailey_2,
          minmay_starry_boxes
D:9:      layout_small_grid, evilmike_ruin_ashenzari, dancing_weapons_uskayaw,
          lair_entry_dummy, orc_0_dummy, hellmonk_ghost_happy_afterlife,
          st_stairs_9, hangedman_decor_peaks_small,
          minmay_mirror_moons_of_madness
Temple:   hellmonk_temple_divided_pantheon
Lair:1:   layout_long_grid, basic_altar, nicolae_quartered_pool_impasse,
          uniq_maggie
Lair:2:   layout_cave_pods, minmay_snake_entry_guardpost_small, uniq_erica
Lair:3:   layout_gridlike, elwin_shoals_entry_stream, gauntlet_entry_generic,
          grunt_megastairs_1, lemuel_fruit_fields, uniq_kirke

Skill      XL: |  1  2  3  4  5  6  7  8  9 10 |
---------------+-------------------------------+-----
Axes           | 3 4 5 7 8 12 15 17 | 17.0
Dodging        | 2 3 0 |  0.0
Fighting       | 4 5 9 10 11 | 11.2
Throwing       | 3 4 5 6 |  6.1
Armour         | 4 6 10 | 10.6
Shields        | 4 5 6 7 |  7.1

Action                   |  1- 3 |  4- 6 |  7- 9 | 10-12 || total
-------------------------+-------+-------+-------+-------++-------
Melee: War axe           |   103 |    87 |   401 |    50 ||   641
       Headbutt          |    15 |    17 |    69 |    13 ||   114
       Morningstar       |       |       |     8 |       ||     8
Throw: Boomerang         |       |       |    54 |       ||    54
       Javelin           |       |       |    73 |     6 ||    79
Invok: Sacrifice Experie |       |       |     2 |       ||     2
       Draw Out Power    |       |       |     1 |       ||     1
       Sacrifice Nimblen |       |       |     1 |       ||     1
  Use: Scroll            |     8 |     4 |    23 |     2 ||    37
       Potion            |       |     3 |     4 |     2 ||     9
 Stab: Invisible         |       |       |     1 |       ||     1
       Sleeping          |       |       |     1 |       ||     1
Armor: Scale mail        |    49 |    19 |       |       ||    68
       Chain mail        |       |    13 |   145 |       ||   158
       Plate armour      |       |       |    19 |    22 ||    41
Dodge: Dodged            |    32 |    33 |   118 |     5 ||   188
Block: Buckler           |    19 |    17 |    80 |     6 ||   122

Table legend:
 A = Non-vault XP
 B = Vault XP
 C = Vault XP percentage of total XP
 D = Non-vault monster count
 E = Vault monster count
 F = Vault count percentage of total count
                 A         B        C        D         E       F
            +---------+---------+-------+---------+---------+-------
      Total |   15642 |   11899 |  43.2 |     234 |      35 |  13.0
            +---------+---------+-------+---------+---------+-------
        D:1 |      43 |       0 |   0.0 |      27 |       0 |   0.0
        D:2 |      53 |       0 |   0.0 |      21 |       0 |   0.0
        D:3 |     199 |       0 |   0.0 |      23 |       0 |   0.0
        D:4 |     221 |     401 |  64.5 |      18 |       2 |  10.0
        D:5 |     607 |       5 |   0.8 |      28 |       1 |   3.4
        D:6 |     750 |       0 |   0.0 |      32 |       0 |   0.0
        D:7 |     955 |       0 |   0.0 |      17 |       0 |   0.0
        D:8 |    1490 |     842 |  36.1 |      24 |       7 |  22.6
        D:9 |    2627 |    2503 |  48.8 |      15 |       8 |  34.8
     Lair:1 |     580 |     437 |  43.0 |       3 |       1 |  25.0
     Lair:2 |    5996 |    1307 |  17.9 |      21 |       4 |  16.0
     Lair:3 |    2121 |     531 |  20.0 |       5 |       2 |  28.6
   Gauntlet |       0 |    5873 | 100.0 |       0 |      10 | 100.0
            +---------+---------+-------+---------+---------+-------
